 Dungeon Crawl Stone Soup version 0.29-a0-397-g846e4a0bbc (webtiles) character file.

Game seed: 246952089665424752

0 drywall69 the Shield-Bearer (level 1, 0/14 HPs)
             Began as a Gargoyle Fighter on May 12, 2022.
             Frozen to death by an endoplasm (2 damage)
             ... on level 1 of the Dungeon.
             The game lasted 00:00:19 (41 turns).

drywall69 the Shield-Bearer (Gargoyle Fighter)        Turns: 41, Time: 00:00:19

Health: 0/14       AC:  9    Str: 19    XL:     1   Next: 10%
Magic:  1/1        EV:  9    Int:  8    God:
Gold:   0          SH:  4    Dex:  9    Spells: 0/0 levels left

rFire   . . .      SeeInvis .   a - +0 flail
rCold   . . .      Faith    .   c - +0 buckler
rNeg    + . .      Spirit   .   b - +0 scale mail
rPois   ∞          Reflect  .   (no helmet)
rElec   +          Harm     .   (no cloak)
rCorr   .          Rampage  .   (no gloves)
Will    .....                   (no boots)
Stlth   ..........              (no amulet)
HPRegen 0.04/turn               (no ring)
MPRegen 0.07/turn               (no ring)

@: no status effects
A: sickness immunity, AC +2, negative energy resistance 1, electricity
resistance, torment resistance 1, petrification resistance
a: no special abilities


You were on level 1 of the Dungeon.
You visited 1 branch of the dungeon, and saw 1 of its levels.

Inventory:

Hand Weapons
 a - a +0 flail (weapon)
Armour
 b - a +0 scale mail (worn)
 c - a +0 buckler (worn)
Potions
 d - a potion of might


   Skills:
 + Level 3.2 Fighting
 + Level 2.0 Maces & Flails
 + Level 3.2 Armour
 + Level 3.3 Shields


You couldn't memorise any spells.
You didn't know any spells.
Your spell library was empty.

Dungeon Overview and Level Annotations

Branches:
Dungeon (1/15)

Altars:


Innate Abilities, Weirdness & Mutations

You are immune to sickness and miasma.
Your stone body is resilient. (AC +2)
You are immune to poison.
You resist negative energy. (rN+)
You are resistant to electric shocks. (rElec)
You are resistant to unholy torment.
You are immune to petrification.


Message History

Why would you want to do that?
Found a leather armour.
Found a stone staircase leading down.
An endoplasm comes into view.
The endoplasm quivers.
A rat comes into view.
Found a dagger.
The rat bites you but does no damage. The rat bites you but does no damage.
You barely miss the rat. The rat bites you but does no damage.
You block the endoplasm's attack.
Unknown command.
You closely miss the rat. The endoplasm hits you. You block the rat's attack.
You closely miss the rat. The rat bites you but does no damage.
The endoplasm hits you but does no damage.
The rat closely misses you.
The endoplasm hits you but does no damage.
You barely miss the rat. You block the rat's attack. The endoplasm freezes you.
You are frozen.
You sock the rat!
You kill the rat!
The endoplasm freezes you.
You are frozen.
The endoplasm hits you but does no damage.
You see here a rat corpse.
You hit the endoplasm.
The endoplasm is moderately wounded.
You block the endoplasm's attack. The endoplasm freezes you.
You are frozen.
You hit the endoplasm.
The endoplasm is severely wounded.
The endoplasm freezes you.
You are frozen.
* * * LOW HITPOINT WARNING * * *
You hit the endoplasm.
The endoplasm is almost dead.
The endoplasm freezes you.
You are frozen.
You die...

### #####..#
########...##.# .
#.....##.8.##.# .
#..<..##...##.# >#
#.....##...##[##.#
#.....##.≈.#.....####
#.....'..≈.#J@......#
#.....##.≈.#........#
#.....##.≈.#..##)##.#
#.....##...#..# .# #
########.....## #
#####.# #.# ..# ..##


You could see an endoplasm.

Vanquished Creatures
  A rat (D:1)
1 creature vanquished.

Notes
Turn   | Place    | Note
-------+----------+-------------------------------------------
     0 | D:1      | drywall69 the Gargoyle Fighter began the quest for the Orb.
     0 | D:1      | Reached XP level 1. HP: 14/14 MP: 1/1
    41 | D:1      | Frozen to death by an endoplasm

Illustrated notes

Levels and vault maps discovered:
D:1:      dpeg_arrival_rooms_c, layout_loops_ring, serial_shops,
          nicolae_shop_behind_doors, nicolae_shop_bloodbath_and_beyond

Action                   || total
-------------------------++-------
Melee: Flail             ||     8
Armor: Scale mail        ||     7
Dodge: Dodged            ||     1
Block: Buckler           ||     4

Table legend: (Time is in decaauts)
 A = Elapsed time spent in this place.
 B = Non-inter-level travel time spent in this place.
 C = Inter-level travel time spent in this place.
 D = Time resting spent in this place.
 E = Time spent auto-exploring this place.
 F = Levels seen in this place.
 G = Mean time per level.
                   A        B        C        D        E       F      G
               +--------+--------+--------+--------+--------+-----+--------+
         Total |     43 |     43 |      0 |      0 |      0 |   1 |   43.0 |
       Dungeon |     43 |     43 |      0 |      0 |      0 |   1 |   43.0 |
               +--------+--------+--------+--------+--------+-----+--------+

Top non-repeatable levels by time:
     D:1: 43 daAuts
